 Dungeon Crawl Stone Soup version 0.27-a0-1219-g958d993ae5 (webtiles) character file.

Game seed: 7736166827630189103

137 polve the Insei (level 5, -5/41 HPs)
             Began as a Demonspawn Abyssal Knight on June 6, 2021.
             Was a Believer of Lugonu.
             Shot with an arrow by a centaur (11 damage)
             ... on level 4 of the Dungeon.
             The game lasted 00:03:03 (3103 turns).

polve the Insei (Demonspawn Abyssal Knight)         Turns: 3103, Time: 00:03:03

Health: -5/41      AC: 11    Str: 13    XL:     5   Next: 0%
Magic:  6/6        EV:  3    Int: 13    God:    Lugonu [**....]
Gold:   92         SH:  0    Dex: 13    Spells: 4/4 levels left

rFire    + . .     SeeInvis .     - Unarmed
rCold    . . .     Faith    .   (no shield)
rNeg     . . .     Spirit   .   o - +1 chain mail {rF+}
rPois    .         Reflect  .   k - +0 helmet
rElec    .         Harm     .   d - +0 cloak
rCorr    .         Rampage  .   (no gloves)
Will     .....                  (no boots)
Stlth    ..........             (no amulet)
HPRegen  0.13/turn              (no ring)
MPRegen  0.10/turn              (no ring)

@: constricted
A: claws 2, demonic magic 1
a: Renounce Religion, Depart the Abyss, Bend Space


You were on level 4 of the Dungeon.
You worshipped Lugonu.
Lugonu was pleased with you.
You visited 1 branch of the dungeon, and saw 4 of its levels.
You visited the Abyss 1 time.

You collected 92 gold pieces.

Inventory:

Hand Weapons
 a - a +1 short sword
Armour
 d - a +0 cloak (worn)
 k - a +0 helmet (worn)
 o - a +1 chain mail of fire resistance (worn)
Wands
 n - a wand of iceblast (11)
Scrolls
 b - a scroll of blinking {unknown}
 c - a scroll of brand weapon {unknown}
 f - a scroll of fog {unknown}
 g - a scroll of magic mapping {unknown}
 j - a scroll of acquirement {unknown}
 l - 2 scrolls of identify {unknown}
 m - a scroll of teleportation {unknown}
Potions
 e - a potion of lignification {unknown}
 h - 2 potions of attraction {unknown}
 i - a potion of heal wounds {unknown}


   Skills:
 - Level 3.0 Fighting
 - Level 2.5 Short Blades
 - Level 1.7 Armour
 - Level 0.8 Dodging
 + Level 3.8 Unarmed Combat
 - Level 2.4 Invocations


You had 4 spell levels left.
You didn't know any spells.
Your spell library contained the following spells:

 Spells                   Type           Power      Damage    Failure   Level
 Animate Skeleton         Necr           0%         N/A       100%        1
 Apportation              Tloc           0%         N/A       100%        1
 Corona                   Hex            0%         N/A       100%        1
 Summon Small Mammal      Summ           0%         N/A       100%        1


Dungeon Overview and Level Annotations

Branches:
Dungeon (4/15)
 Temple: D:4-7

Altars:
Vehumet


Innate Abilities, Weirdness & Mutations

You have very sharp fingernails.
Spells you cast may paralyse adjacent enemies.


Message History

The centaur wields a +0 shortbow.
The centaur shoots an arrow.
The arrow hits you.
You have reached level 5!
Your demonic ancestry asserts itself...
A menacing aura infuses your magic.
The centaur shoots an arrow.
The arrow hits you!
You climb upwards.
There is a stone staircase leading down here.
You can't go up here!
Okay, then.
HP restored.
Done exploring.
Done exploring.
Done exploring.
Done exploring.
Done exploring.
(D) Dungeon
Where to? (Enter - D:4, ? - help)
You climb downwards.
A worm comes into view.
The centaur shoots an arrow.
The arrow hits you! The ball python bites you. The ball python grabs you.
The ball python constricts you.
The centaur shoots an arrow.
The arrow hits you.
The ball python bites you but does no damage.
The ball python constricts you.
The centaur shoots an arrow.
The arrow hits you!
You hear an angry hiss.
There is a stone staircase leading up, spattered with blood here.
The ball python's grasp on you weakens, but your attempt to escape fails.
The centaur shoots an arrow.
The arrow hits you. The ball python bites you. The ball python constricts you.
You escape the ball python's grasp.
The centaur shoots an arrow.
The arrow hits you!
* * * LOW HITPOINT WARNING * * *
The ball python bites you but does no damage.
The ball python grabs you.
You stop ascending the stairs.
The ball python constricts you.
The ball python's grasp on you weakens, but your attempt to escape fails.
The centaur shoots an arrow.
The arrow hits you!
You die...

#############
............#
............#
........!...#
.......>....#
........S...###
#.@†......
#..>......
#.........
#.........
#.........
...w.c....
....S.....
...........


You could see a centaur, a worm, an adder and a ball python.

Vanquished Creatures
  Terence (D:2)
  3 adders (D:3)
  3 dart slugs
  5 orcs
  3 endoplasms
  3 giant cockroaches
  6 goblins
  8 hobgoblins
  11 jackals
  4 kobolds
  3 quokkas
  4 ball pythons
  3 bats
  7 frilled lizards
  3 rats (D:2)
67 creatures vanquished.

Notes
Turn   | Place    | Note
-------+----------+-------------------------------------------
     0 | Abyss:1  | polve the Demonspawn Abyssal Knight began the quest for the
                  | Orb.
     0 | Abyss:1  | Reached XP level 1. HP: 18/18 MP: 2/2
    68 | Abyss:1  | Noticed a spatial vortex
    79 | Abyss:1  | Noticed a spatial vortex
   123 | Abyss:1  | Noticed a small abomination
   124 | D:1      | Escaped the Abyss
   429 | D:1      | Gained mutation: You have sharp fingernails. [demonic
                  | ancestry]
   429 | D:1      | Reached XP level 2. HP: 24/24 MP: 3/3
   517 | D:1      | Reached * piety under Lugonu
   598 | D:1      | Reached skill level 1 in Unarmed Combat
   648 | D:1      | Found a faded altar of an unknown god.
  1117 | D:2      | Gained mutation: You have very sharp fingernails. [demonic
                  | ancestry]
  1117 | D:2      | Reached XP level 3. HP: 29/29 MP: 4/4
  1551 | D:2      | Noticed Terence
  1568 | D:2      | Killed Terence
  1574 | D:2      | Reached XP level 4. HP: 16/35 MP: 5/5
  1832 | D:2      | You fall into a shaft and drop 1 floor!
  2358 | D:3      | Reached ** piety under Lugonu
  2843 | D:3      | Found a radiant altar of Vehumet.
  2998 | D:4      | Noticed a centaur
  3000 | D:4      | Gained mutation: Spells you cast may paralyse adjacent
                  | enemies. [demonic ancestry]
  3000 | D:4      | Reached XP level 5. HP: 35/41 MP: 6/6
  3103 | D:4      | Shot with an arrow by a centaur

Illustrated notes

Levels and vault maps discovered:
D:1:      dpeg_arrival_round_c, layout_loops_ring,
          shapermc_ecumenical_altar_notcrosses, chequers_serial_rivers_micro_c
D:2:      layout_loops_corners, uniq_terence
D:3:      layout_rooms, lemuel_round_altar, minmay_goblin_outpost
D:4:      layout_gridville, minmay_misc_feat_secret_circle, uniq_natasha,
          uniq_pikel

Skill      XL: |  1  2  3  4 |
---------------+-------------+-----
Short Blades   | 2 |  2.5
Unarmed Combat | 1 2 3 |  3.8
Fighting       | |  3.0
Armour         | |  1.7
Dodging        | |  0.8
Invocations    | |  2.4

Action                   |  1- 3 |  4- 6 || total
-------------------------+-------+-------++-------
Melee: Short sword       |    36 |       ||    36
       Unarmed           |    67 |   118 ||   185
       Punch             |     2 |       ||     2
Invok: Depart the Abyss  |     1 |       ||     1
  Use: Scroll            |     3 |       ||     3
 Stab: Sleeping          |     2 |       ||     2
Armor: Leather armour    |    25 |       ||    25
       Plate armour      |       |    86 ||    86
       Chain mail        |       |    30 ||    30
Dodge: Dodged            |    58 |    23 ||    81

Table legend: (Time is in decaauts)
 A = Elapsed time spent in this place.
 B = Non-inter-level travel time spent in this place.
 C = Inter-level travel time spent in this place.
 D = Time resting spent in this place.
 E = Time spent auto-exploring this place.
 F = Levels seen in this place.
 G = Mean time per level.
                   A        B        C        D        E       F      G
               +--------+--------+--------+--------+--------+-----+--------+
         Total |   3092 |   2949 |    143 |      0 |   2425 |   5 |  618.4 |
       Dungeon |   2968 |   2825 |    143 |      0 |   2316 |   4 |  742.0 |
         Abyss |    124 |    124 |      0 |      0 |    109 |   1 |  124.0 |
               +--------+--------+--------+--------+--------+-----+--------+

Top non-repeatable levels by time:
     D:2: 1365 daAuts
     D:1: 808 daAuts
     D:3: 788 daAuts
 Abyss:1: 124 daAuts
     D:4: 6 daAuts
